PAAA
MILTON DOGFISH HEAD @ JERSEY CITY TRITONS
08/23/2028
 
TOP OF THE 1ST
Milton Dogfish Head batting - Pitching for Jersey City Tritons : LHP Francisco Chávez
Pitching: LHP Francisco Chávez
Batting: RHB José Correa 0-0: Ball
1-0: Ball
2-0: Ball
3-0: Base on Balls
Batting: LHB Víctor Robledo 0-0: Ball
1-0: Called Strike
1-1: Ball
2-1: Foul Ball, location: 2F
2-2: Reached on error, E1 (Groundball, 15)
José Correa to second
Batting: RHB Bryce Bancroft 0-0: Ball
1-0: DOUBLE (Flyball, 7D)
José Correa scores
Víctor Robledo to third
Batting: LHB António Ramos 0-0: Ball
1-0: Ground out 4-3 (Groundball, 4)
Víctor Robledo scores
Bryce Bancroft to third
Batting: LHB Floyd Long 0-0: Ball
1-0: Ball
2-0: Ball
3-0: Base on Balls
Batting: LHB Edward Woodstock 0-0: Foul Ball, location: 2F
0-1: Ball
1-1: Ball
2-1: Swinging Strike
2-2: Foul Ball, location: 2F
2-2: Fielders Choice at 2nd, 6-4 (Groundball, 6M)
Bryce Bancroft scores
Batting: RHB David Sánchez 0-0: Ball
1-0: Ball
2-0: Foul Ball, location: 2F
2-1: Foul Ball, location: 2F
2-2: Ball
3-2: Strikes out swinging
Top of the 1st over - 3 run(s), 1 hit(s), 1 error(s), 1 left on base; Milton 3 - Jersey City 0
BOTTOM OF THE 1ST
Jersey City Tritons batting - Pitching for Milton Dogfish Head : RHP Juan Lara
Pitching: RHP Juan Lara
Batting: RHB Martín Alejadre 0-0: Ball
1-0: Ball
2-0: Called Strike
2-1: DOUBLE (Flyball, 78D)
Batting: RHB Jorge Rodríguez 0-0: Called Strike
0-1: Foul Ball, location: 2F
0-2: Ball
1-2: Ground out 6-3 (Groundball, 6)
Martín Alejadre to third
Batting: RHB Ethan Miller 0-0: Ball
1-0: SINGLE (Flyball, 8LS)
Martín Alejadre scores
Batting: SHB Ludovic Michel 0-0: Ball
1-0: Ball
2-0: Swinging Strike
2-1: Fly out, F7 (Flyball, 7LS)
Batting: RHB Mike Greene 0-0: Foul Ball, location: 2F
0-1: Ball
1-1: Called Strike
1-2: Foul Ball, location: 2F
1-2: Fly out, F8 (Flyball, 8RM)
Bottom of the 1st over - 1 run(s), 2 hit(s), 0 error(s), 1 left on base; Milton 3 - Jersey City 1
TOP OF THE 2ND
Milton Dogfish Head batting - Pitching for Jersey City Tritons : LHP Francisco Chávez
Batting: LHB Luis Vicenteno 0-0: Ball
1-0: Ball
2-0: Ball
3-0: Called Strike
3-1: Fly out, F7 (Flyball, 7LSF)
Batting: SHB Javier Luna 0-0: Called Strike
0-1: Ball
1-1: Ground out 6-3 (Groundball, 6)
Batting: RHB José Correa 0-0: Swinging Strike
0-1: Foul Ball, location: 2F
0-2: Ground out 6-3 (Groundball, 6)
Top of the 2nd over - 0 run(s), 0 hit(s), 0 error(s), 0 left on base; Milton 3 - Jersey City 1
BOTTOM OF THE 2ND
Jersey City Tritons batting - Pitching for Milton Dogfish Head : RHP Juan Lara
Batting: RHB Mike Strickland 0-0: Ball
1-0: Called Strike
1-1: Called Strike
1-2: Ball
2-2: Ball
3-2: Strikes out looking
Batting: RHB Miguel Cruz 0-0: Ball
1-0: Fly out, F2 (Popup, 3S)
Batting: RHB Vincent Vega 0-0: Ball
1-0: Called Strike
1-1: Called Strike
1-2: Foul Ball, location: 2F
1-2: Fly out, F6 (Popup, 15)
Bottom of the 2nd over - 0 run(s), 0 hit(s), 0 error(s), 0 left on base; Milton 3 - Jersey City 1
TOP OF THE 3RD
Milton Dogfish Head batting - Pitching for Jersey City Tritons : LHP Francisco Chávez
Batting: LHB Víctor Robledo 0-0: Fly out, F9 (Flyball, 89XD)
Batting: RHB Bryce Bancroft 0-0: Ball
1-0: Foul Ball, location: 2F
1-1: Ball
2-1: Ground out 4-3 (Groundball, 4)
Batting: LHB António Ramos 0-0: Called Strike
0-1: Foul Ball, location: 2F
0-2: Strikes out swinging
Top of the 3rd over - 0 run(s), 0 hit(s), 0 error(s), 0 left on base; Milton 3 - Jersey City 1
BOTTOM OF THE 3RD
Jersey City Tritons batting - Pitching for Milton Dogfish Head : RHP Juan Lara
Batting: RHB Rudko Hrnjak 0-0: Called Strike
0-1: Ball
1-1: Foul Ball, location: 2F
1-2: SINGLE (Line Drive, 4MD)
Batting: RHB Martín Alejadre 0-0: Called Strike
Rudko Hrnjak steals 2nd base
0-1: Fly out, F9 (Flyball, 9LS)
Batting: RHB Jorge Rodríguez 0-0: Called Strike
0-1: Foul Ball, location: 2F
0-2: Ball
1-2: Strikes out swinging
Batting: RHB Ethan Miller 0-0: Called Strike
0-1: Foul Ball, location: 2F
0-2: Ball
1-2: Foul Ball, location: 2F
1-2: Ball
2-2: Ball
3-2: Ground out 6-3 (Groundball, 6)
Bottom of the 3rd over - 0 run(s), 1 hit(s), 0 error(s), 1 left on base; Milton 3 - Jersey City 1
TOP OF THE 4TH
Milton Dogfish Head batting - Pitching for Jersey City Tritons : LHP Francisco Chávez
Batting: LHB Floyd Long 0-0: Ball
1-0: Foul Ball, location: 2F
1-1: Foul Ball, location: 2F
1-2: Foul Ball, location: 2F
1-2: Ball
2-2: Ball
3-2: SINGLE (Groundball, 4MD)
Batting: LHB Edward Woodstock 0-0: Ball
1-0: Ball
2-0: SINGLE (Groundball, 6MD)
Floyd Long to second
Runner from 2nd tries for 3rd, SAFE, throw made to third
Batting: RHB David Sánchez 0-0: Ball
1-0: SINGLE (Groundball, 56D)
Floyd Long scores
Edward Woodstock to second
Batting: LHB Luis Vicenteno 0-0: Fly out, F6 (Popup, 56D)
Batting: SHB Javier Luna 0-0: Foul Ball, location: 2F
0-1: Fly out, F9 (Flyball, 9S)
Batting: RHB José Correa 0-0: Ball
1-0: Fly out, F8 (Flyball, 8RM)
Top of the 4th over - 1 run(s), 3 hit(s), 0 error(s), 2 left on base; Milton 4 - Jersey City 1
BOTTOM OF THE 4TH
Jersey City Tritons batting - Pitching for Milton Dogfish Head : RHP Juan Lara
Batting: SHB Ludovic Michel 0-0: Called Strike
0-1: Fly out, F8 (Flyball, 8LM)
Batting: RHB Mike Greene 0-0: Ball
1-0: Called Strike
1-1: Ball
2-1: Swinging Strike
2-2: Strikes out swinging
Batting: RHB Mike Strickland 0-0: Foul Ball, location: 2F
0-1: Foul Ball, location: 2F
0-2: Ball
1-2: Ball
2-2: SOLO HOME RUN (Line Drive, 9LD), Distance : 358 ft
Batting: RHB Miguel Cruz 0-0: Called Strike
0-1: Swinging Strike
0-2: Ball
1-2: Ball
2-2: Foul Ball, location: 2F
2-2: Strikes out swinging
Bottom of the 4th over - 1 run(s), 1 hit(s), 0 error(s), 0 left on base; Milton 4 - Jersey City 2
TOP OF THE 5TH
Milton Dogfish Head batting - Pitching for Jersey City Tritons : LHP Francisco Chávez
Batting: LHB Víctor Robledo 0-0: Swinging Strike
0-1: Fly out, F8 (Flyball, 8LM)
Batting: RHB Bryce Bancroft 0-0: Ball
1-0: Ball
2-0: Called Strike
2-1: Ball
3-1: Fly out, F8 (Flyball, 8LS)
Batting: LHB António Ramos 0-0: Ball
1-0: Ball
2-0: Ball
3-0: Base on Balls
Batting: LHB Floyd Long 0-0: Foul Ball, location: 2F
0-1: Called Strike
0-2: Ball
1-2: Ball
2-2: Strikes out swinging, 2-3 out at first.
Top of the 5th over - 0 run(s), 0 hit(s), 0 error(s), 1 left on base; Milton 4 - Jersey City 2
BOTTOM OF THE 5TH
Jersey City Tritons batting - Pitching for Milton Dogfish Head : RHP Juan Lara
Batting: RHB Vincent Vega 0-0: Ball
1-0: Called Strike
1-1: Called Strike
1-2: Ball
2-2: Strikes out swinging
Batting: RHB Rudko Hrnjak 0-0: Ball
1-0: Fly out, F9 (Flyball, 9LM)
Batting: RHB Martín Alejadre 0-0: Ball
1-0: Ball
2-0: SINGLE (Groundball, 34D)
Batting: RHB Jorge Rodríguez 0-0: Foul Ball, location: 2F
0-1: Foul Ball, location: 2F
0-2: Strikes out swinging
Bottom of the 5th over - 0 run(s), 1 hit(s), 0 error(s), 1 left on base; Milton 4 - Jersey City 2
TOP OF THE 6TH
Milton Dogfish Head batting - Pitching for Jersey City Tritons : LHP Francisco Chávez
Batting: LHB Edward Woodstock 0-0: Swinging Strike
0-1: Ball
1-1: Foul Ball, location: 2F
1-2: Foul Ball, location: 2F
1-2: Foul Ball, location: 2F
1-2: SINGLE (Line Drive, 9LS)
Batting: RHB David Sánchez 0-0: Sac Bunt - play at first, batter OUT! 1-3
Edward Woodstock to second
Batting: LHB Luis Vicenteno 0-0: Ball
1-0: Ball
2-0: SINGLE (Line Drive, 7S)
Edward Woodstock to third
Batting: SHB Javier Luna 0-0: Ball
1-0: Foul Ball, location: 2F
1-1: Ball
2-1: Ground out 5-3 (Groundball, 56S)
Luis Vicenteno to second
Pitching: RHP Oliver Huerta
Batting: RHB José Correa 0-0: Called Strike
0-1: Ball
1-1: Fly out, F5 (Popup, 5)
Top of the 6th over - 0 run(s), 2 hit(s), 0 error(s), 2 left on base; Milton 4 - Jersey City 2
BOTTOM OF THE 6TH
Jersey City Tritons batting - Pitching for Milton Dogfish Head : RHP Juan Lara
Batting: RHB Ethan Miller 0-0: Ball
1-0: Foul Ball, location: 2F
1-1: SINGLE (Line Drive, 7LS)
Batting: SHB Ludovic Michel 0-0: Ball
1-0: Swinging Strike
1-1: Ball
2-1: Called Strike
2-2: Ball
3-2: Fly out, F8 (Flyball, 8LM)
Batting: RHB Mike Greene 0-0: Called Strike
0-1: Ball
1-1: Ball
2-1: Fly out, F9 (Flyball, 9LSF)
Batting: RHB Mike Strickland 0-0: Ball
1-0: Called Strike
1-1: Ball
2-1: Foul Ball, location: 2F
2-2: Ground out 4-3 (Groundball, 34)
Bottom of the 6th over - 0 run(s), 1 hit(s), 0 error(s), 1 left on base; Milton 4 - Jersey City 2
TOP OF THE 7TH
Milton Dogfish Head batting - Pitching for Jersey City Tritons : RHP Oliver Huerta
Batting: LHB Víctor Robledo 0-0: TRIPLE (Groundball, 5L)
Batting: RHB Bryce Bancroft 0-0: Ball
1-0: Called Strike
1-1: Swinging Strike
1-2: Ball
2-2: Ball
3-2: Strikes out swinging
Batting: LHB António Ramos 0-0: Intentional Walk
Batting: LHB Floyd Long 0-0: Called Strike
Balk!
Víctor Robledo scores
António Ramos to second
0-1: Foul Ball, location: 2F
0-2: Strikes out swinging
Batting: LHB Edward Woodstock 0-0: Ball
1-0: Ball
2-0: Called Strike
2-1: Foul Ball, location: 2F
2-2: Strikes out swinging
Top of the 7th over - 1 run(s), 1 hit(s), 0 error(s), 1 left on base; Milton 5 - Jersey City 2
BOTTOM OF THE 7TH
Jersey City Tritons batting - Pitching for Milton Dogfish Head : RHP Juan Lara
Batting: RHB Miguel Cruz 0-0: Called Strike
0-1: Ball
1-1: SINGLE (Groundball, 56D)
Pitching: RHP Michael Brown
Batting: RHB Vincent Vega 0-0: Called Strike
0-1: Foul Ball, location: 2F
0-2: Ball
1-2: Ball
2-2: Grounds into double play, 1-6-3 (Groundball, P)
Batting: RHB Rudko Hrnjak 0-0: Called Strike
0-1: Ball
1-1: Ball
2-1: Swinging Strike
2-2: Ground out 6-3 (Groundball, 6)
Bottom of the 7th over - 0 run(s), 1 hit(s), 0 error(s), 0 left on base; Milton 5 - Jersey City 2
TOP OF THE 8TH
Milton Dogfish Head batting - Pitching for Jersey City Tritons : RHP Oliver Huerta
Batting: RHB David Sánchez 0-0: Ball
1-0: Ball
2-0: Ball
3-0: Called Strike
3-1: Foul Ball, location: 2F
3-2: Base on Balls
Batting: LHB Luis Vicenteno 0-0: Sac Bunt - play at first, batter OUT! 1-3
David Sánchez to second
Batting: SHB Javier Luna 0-0: Intentional Walk
Batting: RHB José Correa 0-0: Ball
1-0: Swinging Strike
1-1: Called Strike
1-2: Ball
2-2: Foul Ball, location: 2F
2-2: Strikes out looking
Batting: LHB Víctor Robledo 0-0: Ball
1-0: Called Strike
1-1: Fly out, F6 (Popup, 6)
Top of the 8th over - 0 run(s), 0 hit(s), 0 error(s), 2 left on base; Milton 5 - Jersey City 2
BOTTOM OF THE 8TH
Jersey City Tritons batting - Pitching for Milton Dogfish Head : RHP Michael Brown
Batting: RHB Martín Alejadre 0-0: Called Strike
0-1: Ball
1-1: Foul Ball, location: 2F
1-2: Strikes out swinging
Batting: RHB Jorge Rodríguez 0-0: Ball
1-0: Fly out, F4 (Popup, 4D)
Batting: RHB Ethan Miller 0-0: Ball
1-0: Ball
2-0: Ball
3-0: Base on Balls
Pitching: LHP Santiago Mesa
Batting: SHB Ludovic Michel 0-0: Called Strike
0-1: Ball
1-1: Called Strike
1-2: Foul Ball, location: 2F
1-2: Fly out, F9 (Flyball, 89M)
Bottom of the 8th over - 0 run(s), 0 hit(s), 0 error(s), 1 left on base; Milton 5 - Jersey City 2
TOP OF THE 9TH
Milton Dogfish Head batting - Pitching for Jersey City Tritons : RHP Oliver Huerta
Batting: RHB Bryce Bancroft 0-0: Foul Ball, location: 2F
0-1: Ball
1-1: Ball
2-1: Foul Ball, location: 2F
2-2: Strikes out looking
Batting: LHB António Ramos 0-0: Ball
1-0: Foul Ball, location: 2F
1-1: Ball
2-1: Ground out 4-3 (Groundball, 4D)
Pitching: RHP António Rúbio
Batting: LHB Floyd Long 0-0: Ball
1-0: Called Strike
1-1: Ball
2-1: Foul Ball, location: 2F
2-2: Ground out 6-3 (Groundball, 6M)
Top of the 9th over - 0 run(s), 0 hit(s), 0 error(s), 0 left on base; Milton 5 - Jersey City 2
BOTTOM OF THE 9TH
Jersey City Tritons batting - Pitching for Milton Dogfish Head : LHP Santiago Mesa
Pitching: RHP José Luján
Batting: RHB Mike Greene 0-0: Ball
1-0: Ball
2-0: Ball
3-0: Base on Balls
Batting: RHB Mike Strickland 0-0: Swinging Strike
0-1: Called Strike
0-2: Ball
1-2: Foul Ball, location: 2F
1-2: Ball
2-2: Ball
3-2: Fly out, F8 (Flyball, 8RS)
Batting: RHB Miguel Cruz 0-0: Fielders Choice at 2nd, 1-6 (Groundball, P)
Batting: RHB Vincent Vega 0-0: Called Strike
0-1: Foul Ball, location: 2F
0-2: Foul Ball, location: 2F
0-2: Ball
1-2: Ball
2-2: Ball
3-2: SINGLE (Line Drive, 7S)
Miguel Cruz to second
Miguel Cruz to third
Pinch Hitting: LHB Marlon Randall 0-0: Called Strike
0-1: Ball
1-1: Foul Ball, location: 2F
1-2: Fly out, F9 (Flyball, 9S)
Bottom of the 9th over - 0 run(s), 1 hit(s), 0 error(s), 2 left on base; Milton 5 - Jersey City 2
Monday, August 28th, 2017 - OOTP Baseball 17.12 Build 75